%YAML 1.1
%TAG !u! tag:unity3d.com,2011:
--- !u!1 &1634165096483798180
GameObject:
  m_ObjectHideFlags: 0
  m_CorrespondingSourceObject: {fileID: 0}
  m_PrefabInstance: {fileID: 0}
  m_PrefabAsset: {fileID: 0}
  serializedVersion: 6
  m_Component:
  - component: {fileID: 5520473292011758707}
  - component: {fileID: 2409796340097220246}
  - component: {fileID: 6447805231169639442}
  m_Layer: 5
  m_Name: Star
  m_TagString: Untagged
  m_Icon: {fileID: 0}
  m_NavMeshLayer: 0
  m_StaticEditorFlags: 0
  m_IsActive: 1
--- !u!224 &5520473292011758707
RectTransform:
  m_ObjectHideFlags: 0
  m_CorrespondingSourceObject: {fileID: 0}
  m_PrefabInstance: {fileID: 0}
  m_PrefabAsset: {fileID: 0}
  m_GameObject: {fileID: 1634165096483798180}
  m_LocalRotation: {x: 0, y: 0, z: 0, w: 1}
  m_LocalPosition: {x: 0, y: 0, z: 0}
  m_LocalScale: {x: 1, y: 1, z: 1}
  m_ConstrainProportionsScale: 0
  m_Children: []
  m_Father: {fileID: 7332583835058762211}
  m_RootOrder: 1
  m_LocalEulerAnglesHint: {x: 0, y: 0, z: 0}
  m_AnchorMin: {x: 0.5, y: 0.5}
  m_AnchorMax: {x: 0.5, y: 0.5}
  m_AnchoredPosition: {x: 0, y: 0}
  m_SizeDelta: {x: 0, y: 0}
  m_Pivot: {x: 0.5, y: 0.5}
--- !u!222 &2409796340097220246
CanvasRenderer:
  m_ObjectHideFlags: 0
  m_CorrespondingSourceObject: {fileID: 0}
  m_PrefabInstance: {fileID: 0}
  m_PrefabAsset: {fileID: 0}
  m_GameObject: {fileID: 1634165096483798180}
  m_CullTransparentMesh: 1
--- !u!114 &6447805231169639442
MonoBehaviour:
  m_ObjectHideFlags: 0
  m_CorrespondingSourceObject: {fileID: 0}
  m_PrefabInstance: {fileID: 0}
  m_PrefabAsset: {fileID: 0}
  m_GameObject: {fileID: 1634165096483798180}
  m_Enabled: 1
  m_EditorHideFlags: 0
  m_Script: {fileID: 11500000, guid: fe87c0e1cc204ed48ad3b37840f39efc, type: 3}
  m_Name: 
  m_EditorClassIdentifier: 
  m_Material: {fileID: 0}
  m_Color: {r: 1, g: 1, b: 1, a: 1}
  m_RaycastTarget: 0
  m_RaycastPadding: {x: 0, y: 0, z: 0, w: 0}
  m_Maskable: 1
  m_OnCullStateChanged:
    m_PersistentCalls:
      m_Calls: []
  m_Sprite: {fileID: 1173362861, guid: 63e0521192914414b8323e5c92fdb120, type: 3}
  m_Type: 0
  m_PreserveAspect: 1
  m_FillCenter: 1
  m_FillMethod: 4
  m_FillAmount: 1
  m_FillClockwise: 1
  m_FillOrigin: 0
  m_UseSpriteMesh: 0
  m_PixelsPerUnitMultiplier: 1
--- !u!1 &2829282034091564052
GameObject:
  m_ObjectHideFlags: 0
  m_CorrespondingSourceObject: {fileID: 0}
  m_PrefabInstance: {fileID: 0}
  m_PrefabAsset: {fileID: 0}
  serializedVersion: 6
  m_Component:
  - component: {fileID: 5584768280596275459}
  - component: {fileID: 6322682474434499689}
  - component: {fileID: 7002223950780258250}
  m_Layer: 5
  m_Name: FallingStar
  m_TagString: Untagged
  m_Icon: {fileID: 0}
  m_NavMeshLayer: 0
  m_StaticEditorFlags: 0
  m_IsActive: 1
--- !u!224 &5584768280596275459
RectTransform:
  m_ObjectHideFlags: 0
  m_CorrespondingSourceObject: {fileID: 0}
  m_PrefabInstance: {fileID: 0}
  m_PrefabAsset: {fileID: 0}
  m_GameObject: {fileID: 2829282034091564052}
  m_LocalRotation: {x: 0, y: 0, z: 0, w: 1}
  m_LocalPosition: {x: 0, y: 0, z: 0}
  m_LocalScale: {x: 0, y: 0, z: 0}
  m_ConstrainProportionsScale: 0
  m_Children:
  - {fileID: 8595470851011254834}
  m_Father: {fileID: 7332583835058762211}
  m_RootOrder: 3
  m_LocalEulerAnglesHint: {x: 0, y: 0, z: 0}
  m_AnchorMin: {x: 0, y: 0}
  m_AnchorMax: {x: 1, y: 1}
  m_AnchoredPosition: {x: 0, y: 0}
  m_SizeDelta: {x: 0, y: 0}
  m_Pivot: {x: 0.5, y: 0.5}
--- !u!222 &6322682474434499689
CanvasRenderer:
  m_ObjectHideFlags: 0
  m_CorrespondingSourceObject: {fileID: 0}
  m_PrefabInstance: {fileID: 0}
  m_PrefabAsset: {fileID: 0}
  m_GameObject: {fileID: 2829282034091564052}
  m_CullTransparentMesh: 1
--- !u!114 &7002223950780258250
MonoBehaviour:
  m_ObjectHideFlags: 0
  m_CorrespondingSourceObject: {fileID: 0}
  m_PrefabInstance: {fileID: 0}
  m_PrefabAsset: {fileID: 0}
  m_GameObject: {fileID: 2829282034091564052}
  m_Enabled: 1
  m_EditorHideFlags: 0
  m_Script: {fileID: 11500000, guid: 16f0b0b6d0b7542bfbd20a3e05b04ff1, type: 3}
  m_Name: 
  m_EditorClassIdentifier: 
  m_Material: {fileID: 0}
  m_Color: {r: 1, g: 1, b: 1, a: 1}
  m_RaycastTarget: 1
  m_RaycastPadding: {x: 0, y: 0, z: 0, w: 0}
  m_Maskable: 0
  m_OnCullStateChanged:
    m_PersistentCalls:
      m_Calls: []
  m_IsTrail: 0
  m_Scale3D: {x: 50, y: 50, z: 50}
  m_AnimatableProperties: []
  m_Particles:
  - {fileID: 150304953417569149}
  m_MeshSharing: 0
  m_GroupId: 0
  m_GroupMaxId: 0
  m_AbsoluteMode: 1
--- !u!1 &3381201663857040515
GameObject:
  m_ObjectHideFlags: 0
  m_CorrespondingSourceObject: {fileID: 0}
  m_PrefabInstance: {fileID: 0}
  m_PrefabAsset: {fileID: 0}
  serializedVersion: 6
  m_Component:
  - component: {fileID: 1693003776148440837}
  - component: {fileID: 2711159714392024529}
  - component: {fileID: 4089178727305316190}
  m_Layer: 5
  m_Name: UIParticle
  m_TagString: Untagged
  m_Icon: {fileID: 0}
  m_NavMeshLayer: 0
  m_StaticEditorFlags: 0
  m_IsActive: 1
--- !u!224 &1693003776148440837
RectTransform:
  m_ObjectHideFlags: 0
  m_CorrespondingSourceObject: {fileID: 0}
  m_PrefabInstance: {fileID: 0}
  m_PrefabAsset: {fileID: 0}
  m_GameObject: {fileID: 3381201663857040515}
  m_LocalRotation: {x: 0, y: 0, z: 0, w: 1}
  m_LocalPosition: {x: 0, y: 0, z: 0}
  m_LocalScale: {x: 0, y: 0, z: 0}
  m_ConstrainProportionsScale: 0
  m_Children:
  - {fileID: 3641414530457557178}
  - {fileID: 6744751196765897603}
  m_Father: {fileID: 7332583835058762211}
  m_RootOrder: 0
  m_LocalEulerAnglesHint: {x: 0, y: 0, z: 0}
  m_AnchorMin: {x: 0, y: 0}
  m_AnchorMax: {x: 1, y: 1}
  m_AnchoredPosition: {x: 0, y: 0}
  m_SizeDelta: {x: 0, y: 0}
  m_Pivot: {x: 0.5, y: 0.5}
--- !u!222 &2711159714392024529
CanvasRenderer:
  m_ObjectHideFlags: 0
  m_CorrespondingSourceObject: {fileID: 0}
  m_PrefabInstance: {fileID: 0}
  m_PrefabAsset: {fileID: 0}
  m_GameObject: {fileID: 3381201663857040515}
  m_CullTransparentMesh: 1
--- !u!114 &4089178727305316190
MonoBehaviour:
  m_ObjectHideFlags: 0
  m_CorrespondingSourceObject: {fileID: 0}
  m_PrefabInstance: {fileID: 0}
  m_PrefabAsset: {fileID: 0}
  m_GameObject: {fileID: 3381201663857040515}
  m_Enabled: 1
  m_EditorHideFlags: 0
  m_Script: {fileID: 11500000, guid: 16f0b0b6d0b7542bfbd20a3e05b04ff1, type: 3}
  m_Name: 
  m_EditorClassIdentifier: 
  m_Material: {fileID: 0}
  m_Color: {r: 1, g: 1, b: 1, a: 1}
  m_RaycastTarget: 1
  m_RaycastPadding: {x: 0, y: 0, z: 0, w: 0}
  m_Maskable: 0
  m_OnCullStateChanged:
    m_PersistentCalls:
      m_Calls: []
  m_IsTrail: 0
  m_Scale3D: {x: 50, y: 50, z: 50}
  m_AnimatableProperties: []
  m_Particles:
  - {fileID: 5175803126467383797}
  - {fileID: 4944699673116056494}
  - {fileID: 3823629637562653682}
  - {fileID: 7332984492544856393}
  - {fileID: 5006207755232259504}
  m_MeshSharing: 0
  m_GroupId: 0
  m_GroupMaxId: 0
  m_AbsoluteMode: 1
--- !u!1 &6428748084673285687
GameObject:
  m_ObjectHideFlags: 0
  m_CorrespondingSourceObject: {fileID: 0}
  m_PrefabInstance: {fileID: 0}
  m_PrefabAsset: {fileID: 0}
  serializedVersion: 6
  m_Component:
  - component: {fileID: 4985603552166135137}
  - component: {fileID: 7537303505029154696}
  - component: {fileID: 4289630758200868014}
  m_Layer: 5
  m_Name: UIParticle
  m_TagString: Untagged
  m_Icon: {fileID: 0}
  m_NavMeshLayer: 0
  m_StaticEditorFlags: 0
  m_IsActive: 1
--- !u!224 &4985603552166135137
RectTransform:
  m_ObjectHideFlags: 0
  m_CorrespondingSourceObject: {fileID: 0}
  m_PrefabInstance: {fileID: 0}
  m_PrefabAsset: {fileID: 0}
  m_GameObject: {fileID: 6428748084673285687}
  m_LocalRotation: {x: 0, y: 0, z: 0, w: 1}
  m_LocalPosition: {x: 0, y: 0, z: 0}
  m_LocalScale: {x: 0, y: 0, z: 0}
  m_ConstrainProportionsScale: 0
  m_Children:
  - {fileID: 4252067058530222808}
  - {fileID: 4615271392518642833}
  m_Father: {fileID: 7332583835058762211}
  m_RootOrder: 2
  m_LocalEulerAnglesHint: {x: 0, y: 0, z: 0}
  m_AnchorMin: {x: 0, y: 0}
  m_AnchorMax: {x: 1, y: 1}
  m_AnchoredPosition: {x: 0, y: 0}
  m_SizeDelta: {x: 0, y: 0}
  m_Pivot: {x: 0.5, y: 0.5}
--- !u!222 &7537303505029154696
CanvasRenderer:
  m_ObjectHideFlags: 0
  m_CorrespondingSourceObject: {fileID: 0}
  m_PrefabInstance: {fileID: 0}
  m_PrefabAsset: {fileID: 0}
  m_GameObject: {fileID: 6428748084673285687}
  m_CullTransparentMesh: 1
--- !u!114 &4289630758200868014
MonoBehaviour:
  m_ObjectHideFlags: 0
  m_CorrespondingSourceObject: {fileID: 0}
  m_PrefabInstance: {fileID: 0}
  m_PrefabAsset: {fileID: 0}
  m_GameObject: {fileID: 6428748084673285687}
  m_Enabled: 1
  m_EditorHideFlags: 0
  m_Script: {fileID: 11500000, guid: 16f0b0b6d0b7542bfbd20a3e05b04ff1, type: 3}
  m_Name: 
  m_EditorClassIdentifier: 
  m_Material: {fileID: 0}
  m_Color: {r: 1, g: 1, b: 1, a: 1}
  m_RaycastTarget: 1
  m_RaycastPadding: {x: 0, y: 0, z: 0, w: 0}
  m_Maskable: 0
  m_OnCullStateChanged:
    m_PersistentCalls:
      m_Calls: []
  m_IsTrail: 0
  m_Scale3D: {x: 50, y: 50, z: 50}
  m_AnimatableProperties: []
  m_Particles:
  - {fileID: 2585581176834387179}
  - {fileID: 6408350653649482402}
  m_MeshSharing: 0
  m_GroupId: 0
  m_GroupMaxId: 0
  m_AbsoluteMode: 1
--- !u!1 &7332583835058762210
GameObject:
  m_ObjectHideFlags: 0
  m_CorrespondingSourceObject: {fileID: 0}
  m_PrefabInstance: {fileID: 0}
  m_PrefabAsset: {fileID: 0}
  serializedVersion: 6
  m_Component:
  - component: {fileID: 7332583835058762211}
  - component: {fileID: 7332583835058762213}
  - component: {fileID: 8087778302747302431}
  m_Layer: 5
  m_Name: StarFill
  m_TagString: Untagged
  m_Icon: {fileID: 0}
  m_NavMeshLayer: 0
  m_StaticEditorFlags: 0
  m_IsActive: 1
--- !u!224 &7332583835058762211
RectTransform:
  m_ObjectHideFlags: 0
  m_CorrespondingSourceObject: {fileID: 0}
  m_PrefabInstance: {fileID: 0}
  m_PrefabAsset: {fileID: 0}
  m_GameObject: {fileID: 7332583835058762210}
  m_LocalRotation: {x: 0, y: 0, z: 0, w: 1}
  m_LocalPosition: {x: 0, y: 0, z: 100}
  m_LocalScale: {x: 1, y: 1, z: 1}
  m_ConstrainProportionsScale: 0
  m_Children:
  - {fileID: 1693003776148440837}
  - {fileID: 5520473292011758707}
  - {fileID: 4985603552166135137}
  - {fileID: 5584768280596275459}
  m_Father: {fileID: 0}
  m_RootOrder: 0
  m_LocalEulerAnglesHint: {x: 0, y: 0, z: 0}
  m_AnchorMin: {x: 0, y: 1}
  m_AnchorMax: {x: 0, y: 1}
  m_AnchoredPosition: {x: 0, y: 0}
  m_SizeDelta: {x: 0, y: 0}
  m_Pivot: {x: 0.5, y: 0.5}
--- !u!222 &7332583835058762213
CanvasRenderer:
  m_ObjectHideFlags: 0
  m_CorrespondingSourceObject: {fileID: 0}
  m_PrefabInstance: {fileID: 0}
  m_PrefabAsset: {fileID: 0}
  m_GameObject: {fileID: 7332583835058762210}
  m_CullTransparentMesh: 1
--- !u!114 &8087778302747302431
MonoBehaviour:
  m_ObjectHideFlags: 0
  m_CorrespondingSourceObject: {fileID: 0}
  m_PrefabInstance: {fileID: 0}
  m_PrefabAsset: {fileID: 0}
  m_GameObject: {fileID: 7332583835058762210}
  m_Enabled: 1
  m_EditorHideFlags: 0
  m_Script: {fileID: 11500000, guid: 86caf2993c0c35d4a83cc5b67cc37e24, type: 3}
  m_Name: 
  m_EditorClassIdentifier: 
  rootRT: {fileID: 7332583835058762211}
  imageRT: {fileID: 5520473292011758707}
  img: {fileID: 0}
  duration: 2
  fallingStarFX: {fileID: 7002223950780258250}
  particleFX:
  - {fileID: 4089178727305316190}
  - {fileID: 4289630758200868014}
--- !u!1001 &1225487943456099779
PrefabInstance:
  m_ObjectHideFlags: 0
  serializedVersion: 2
  m_Modification:
    m_TransformParent: {fileID: 1693003776148440837}
    m_Modifications:
    - target: {fileID: 2081856774944816972, guid: 206aa2141b956c74aa796525c7770908, type: 3}
      propertyPath: m_Enabled
      value: 0
      objectReference: {fileID: 0}
    - target: {fileID: 2081856774944816972, guid: 206aa2141b956c74aa796525c7770908, type: 3}
      propertyPath: m_SortingLayerID
      value: 0
      objectReference: {fileID: 0}
    - target: {fileID: 2081856774944816972, guid: 206aa2141b956c74aa796525c7770908, type: 3}
      propertyPath: m_ApplyActiveColorSpace
      value: 0
      objectReference: {fileID: 0}
    - target: {fileID: 2560623983668483449, guid: 206aa2141b956c74aa796525c7770908, type: 3}
      propertyPath: m_Pivot.x
      value: 0.5
      objectReference: {fileID: 0}
    - target: {fileID: 2560623983668483449, guid: 206aa2141b956c74aa796525c7770908, type: 3}
      propertyPath: m_Pivot.y
      value: 0.5
      objectReference: {fileID: 0}
    - target: {fileID: 2560623983668483449, guid: 206aa2141b956c74aa796525c7770908, type: 3}
      propertyPath: m_RootOrder
      value: 0
      objectReference: {fileID: 0}
    - target: {fileID: 2560623983668483449, guid: 206aa2141b956c74aa796525c7770908, type: 3}
      propertyPath: m_AnchorMax.x
      value: 1
      objectReference: {fileID: 0}
    - target: {fileID: 2560623983668483449, guid: 206aa2141b956c74aa796525c7770908, type: 3}
      propertyPath: m_AnchorMax.y
      value: 1
      objectReference: {fileID: 0}
    - target: {fileID: 2560623983668483449, guid: 206aa2141b956c74aa796525c7770908, type: 3}
      propertyPath: m_AnchorMin.x
      value: 0
      objectReference: {fileID: 0}
    - target: {fileID: 2560623983668483449, guid: 206aa2141b956c74aa796525c7770908, type: 3}
      propertyPath: m_AnchorMin.y
      value: 0
      objectReference: {fileID: 0}
    - target: {fileID: 2560623983668483449, guid: 206aa2141b956c74aa796525c7770908, type: 3}
      propertyPath: m_SizeDelta.x
      value: 0
      objectReference: {fileID: 0}
    - target: {fileID: 2560623983668483449, guid: 206aa2141b956c74aa796525c7770908, type: 3}
      propertyPath: m_SizeDelta.y
      value: 0
      objectReference: {fileID: 0}
    - target: {fileID: 2560623983668483449, guid: 206aa2141b956c74aa796525c7770908, type: 3}
      propertyPath: m_LocalPosition.x
      value: 0
      objectReference: {fileID: 0}
    - target: {fileID: 2560623983668483449, guid: 206aa2141b956c74aa796525c7770908, type: 3}
      propertyPath: m_LocalPosition.y
      value: 0
      objectReference: {fileID: 0}
    - target: {fileID: 2560623983668483449, guid: 206aa2141b956c74aa796525c7770908, type: 3}
      propertyPath: m_LocalPosition.z
      value: 0
      objectReference: {fileID: 0}
    - target: {fileID: 2560623983668483449, guid: 206aa2141b956c74aa796525c7770908, type: 3}
      propertyPath: m_LocalRotation.w
      value: 1
      objectReference: {fileID: 0}
    - target: {fileID: 2560623983668483449, guid: 206aa2141b956c74aa796525c7770908, type: 3}
      propertyPath: m_LocalRotation.x
      value: -0
      objectReference: {fileID: 0}
    - target: {fileID: 2560623983668483449, guid: 206aa2141b956c74aa796525c7770908, type: 3}
      propertyPath: m_LocalRotation.y
      value: -0
      objectReference: {fileID: 0}
    - target: {fileID: 2560623983668483449, guid: 206aa2141b956c74aa796525c7770908, type: 3}
      propertyPath: m_LocalRotation.z
      value: -0
      objectReference: {fileID: 0}
    - target: {fileID: 2560623983668483449, guid: 206aa2141b956c74aa796525c7770908, type: 3}
      propertyPath: m_AnchoredPosition.x
      value: 0
      objectReference: {fileID: 0}
    - target: {fileID: 2560623983668483449, guid: 206aa2141b956c74aa796525c7770908, type: 3}
      propertyPath: m_AnchoredPosition.y
      value: 0
      objectReference: {fileID: 0}
    - target: {fileID: 2560623983668483449, guid: 206aa2141b956c74aa796525c7770908, type: 3}
      propertyPath: m_LocalEulerAnglesHint.x
      value: 0
      objectReference: {fileID: 0}
    - target: {fileID: 2560623983668483449, guid: 206aa2141b956c74aa796525c7770908, type: 3}
      propertyPath: m_LocalEulerAnglesHint.y
      value: 0
      objectReference: {fileID: 0}
    - target: {fileID: 2560623983668483449, guid: 206aa2141b956c74aa796525c7770908, type: 3}
      propertyPath: m_LocalEulerAnglesHint.z
      value: 0
      objectReference: {fileID: 0}
    - target: {fileID: 5564595424345447529, guid: 206aa2141b956c74aa796525c7770908, type: 3}
      propertyPath: m_Enabled
      value: 0
      objectReference: {fileID: 0}
    - target: {fileID: 5564595424345447529, guid: 206aa2141b956c74aa796525c7770908, type: 3}
      propertyPath: m_ApplyActiveColorSpace
      value: 0
      objectReference: {fileID: 0}
    - target: {fileID: 5564595424345447529, guid: 206aa2141b956c74aa796525c7770908, type: 3}
      propertyPath: m_Materials.Array.data[0]
      value: 
      objectReference: {fileID: 2100000, guid: e44a36783dcfc43bdab399a1adcef4f5, type: 2}
    - target: {fileID: 6366259314637179059, guid: 206aa2141b956c74aa796525c7770908, type: 3}
      propertyPath: m_Name
      value: Light Beam Sparkle
      objectReference: {fileID: 0}
    - target: {fileID: 7445864258888669359, guid: 206aa2141b956c74aa796525c7770908, type: 3}
      propertyPath: m_Enabled
      value: 0
      objectReference: {fileID: 0}
    - target: {fileID: 7445864258888669359, guid: 206aa2141b956c74aa796525c7770908, type: 3}
      propertyPath: m_ApplyActiveColorSpace
      value: 0
      objectReference: {fileID: 0}
    - target: {fileID: 7445864258888669359, guid: 206aa2141b956c74aa796525c7770908, type: 3}
      propertyPath: m_Materials.Array.data[0]
      value: 
      objectReference: {fileID: 2100000, guid: e44a36783dcfc43bdab399a1adcef4f5, type: 2}
    - target: {fileID: 8520227936636101179, guid: 206aa2141b956c74aa796525c7770908, type: 3}
      propertyPath: m_Enabled
      value: 0
      objectReference: {fileID: 0}
    - target: {fileID: 8520227936636101179, guid: 206aa2141b956c74aa796525c7770908, type: 3}
      propertyPath: m_ApplyActiveColorSpace
      value: 0
      objectReference: {fileID: 0}
    - target: {fileID: 8520227936636101179, guid: 206aa2141b956c74aa796525c7770908, type: 3}
      propertyPath: m_Materials.Array.data[0]
      value: 
      objectReference: {fileID: 2100000, guid: e44a36783dcfc43bdab399a1adcef4f5, type: 2}
    m_RemovedComponents: []
  m_SourcePrefab: {fileID: 100100000, guid: 206aa2141b956c74aa796525c7770908, type: 3}
--- !u!224 &3641414530457557178 stripped
RectTransform:
  m_CorrespondingSourceObject: {fileID: 2560623983668483449, guid: 206aa2141b956c74aa796525c7770908, type: 3}
  m_PrefabInstance: {fileID: 1225487943456099779}
  m_PrefabAsset: {fileID: 0}
--- !u!198 &3823629637562653682 stripped
ParticleSystem:
  m_CorrespondingSourceObject: {fileID: 2599012594294085169, guid: 206aa2141b956c74aa796525c7770908, type: 3}
  m_PrefabInstance: {fileID: 1225487943456099779}
  m_PrefabAsset: {fileID: 0}
--- !u!198 &4944699673116056494 stripped
ParticleSystem:
  m_CorrespondingSourceObject: {fileID: 6169602654909175405, guid: 206aa2141b956c74aa796525c7770908, type: 3}
  m_PrefabInstance: {fileID: 1225487943456099779}
  m_PrefabAsset: {fileID: 0}
--- !u!198 &5175803126467383797 stripped
ParticleSystem:
  m_CorrespondingSourceObject: {fileID: 6257165985968053302, guid: 206aa2141b956c74aa796525c7770908, type: 3}
  m_PrefabInstance: {fileID: 1225487943456099779}
  m_PrefabAsset: {fileID: 0}
--- !u!198 &7332984492544856393 stripped
ParticleSystem:
  m_CorrespondingSourceObject: {fileID: 8413340113499331722, guid: 206aa2141b956c74aa796525c7770908, type: 3}
  m_PrefabInstance: {fileID: 1225487943456099779}
  m_PrefabAsset: {fileID: 0}
--- !u!1001 &2420666553903302939
PrefabInstance:
  m_ObjectHideFlags: 0
  serializedVersion: 2
  m_Modification:
    m_TransformParent: {fileID: 4985603552166135137}
    m_Modifications:
    - target: {fileID: 1915594523078478787, guid: 8c33def479c70f94e94c485ef31ecc0a, type: 3}
      propertyPath: m_Pivot.x
      value: 0.5
      objectReference: {fileID: 0}
    - target: {fileID: 1915594523078478787, guid: 8c33def479c70f94e94c485ef31ecc0a, type: 3}
      propertyPath: m_Pivot.y
      value: 0.5
      objectReference: {fileID: 0}
    - target: {fileID: 1915594523078478787, guid: 8c33def479c70f94e94c485ef31ecc0a, type: 3}
      propertyPath: m_RootOrder
      value: 0
      objectReference: {fileID: 0}
    - target: {fileID: 1915594523078478787, guid: 8c33def479c70f94e94c485ef31ecc0a, type: 3}
      propertyPath: m_AnchorMax.x
      value: 1
      objectReference: {fileID: 0}
    - target: {fileID: 1915594523078478787, guid: 8c33def479c70f94e94c485ef31ecc0a, type: 3}
      propertyPath: m_AnchorMax.y
      value: 1
      objectReference: {fileID: 0}
    - target: {fileID: 1915594523078478787, guid: 8c33def479c70f94e94c485ef31ecc0a, type: 3}
      propertyPath: m_AnchorMin.x
      value: 0
      objectReference: {fileID: 0}
    - target: {fileID: 1915594523078478787, guid: 8c33def479c70f94e94c485ef31ecc0a, type: 3}
      propertyPath: m_AnchorMin.y
      value: 0
      objectReference: {fileID: 0}
    - target: {fileID: 1915594523078478787, guid: 8c33def479c70f94e94c485ef31ecc0a, type: 3}
      propertyPath: m_SizeDelta.x
      value: 0
      objectReference: {fileID: 0}
    - target: {fileID: 1915594523078478787, guid: 8c33def479c70f94e94c485ef31ecc0a, type: 3}
      propertyPath: m_SizeDelta.y
      value: 0
      objectReference: {fileID: 0}
    - target: {fileID: 1915594523078478787, guid: 8c33def479c70f94e94c485ef31ecc0a, type: 3}
      propertyPath: m_LocalPosition.x
      value: 0
      objectReference: {fileID: 0}
    - target: {fileID: 1915594523078478787, guid: 8c33def479c70f94e94c485ef31ecc0a, type: 3}
      propertyPath: m_LocalPosition.y
      value: 0
      objectReference: {fileID: 0}
    - target: {fileID: 1915594523078478787, guid: 8c33def479c70f94e94c485ef31ecc0a, type: 3}
      propertyPath: m_LocalPosition.z
      value: 0
      objectReference: {fileID: 0}
    - target: {fileID: 1915594523078478787, guid: 8c33def479c70f94e94c485ef31ecc0a, type: 3}
      propertyPath: m_LocalRotation.w
      value: 1
      objectReference: {fileID: 0}
    - target: {fileID: 1915594523078478787, guid: 8c33def479c70f94e94c485ef31ecc0a, type: 3}
      propertyPath: m_LocalRotation.x
      value: 0
      objectReference: {fileID: 0}
    - target: {fileID: 1915594523078478787, guid: 8c33def479c70f94e94c485ef31ecc0a, type: 3}
      propertyPath: m_LocalRotation.y
      value: 0
      objectReference: {fileID: 0}
    - target: {fileID: 1915594523078478787, guid: 8c33def479c70f94e94c485ef31ecc0a, type: 3}
      propertyPath: m_LocalRotation.z
      value: 0
      objectReference: {fileID: 0}
    - target: {fileID: 1915594523078478787, guid: 8c33def479c70f94e94c485ef31ecc0a, type: 3}
      propertyPath: m_AnchoredPosition.x
      value: 0
      objectReference: {fileID: 0}
    - target: {fileID: 1915594523078478787, guid: 8c33def479c70f94e94c485ef31ecc0a, type: 3}
      propertyPath: m_AnchoredPosition.y
      value: 0
      objectReference: {fileID: 0}
    - target: {fileID: 1915594523078478787, guid: 8c33def479c70f94e94c485ef31ecc0a, type: 3}
      propertyPath: m_LocalEulerAnglesHint.x
      value: 0
      objectReference: {fileID: 0}
    - target: {fileID: 1915594523078478787, guid: 8c33def479c70f94e94c485ef31ecc0a, type: 3}
      propertyPath: m_LocalEulerAnglesHint.y
      value: 0
      objectReference: {fileID: 0}
    - target: {fileID: 1915594523078478787, guid: 8c33def479c70f94e94c485ef31ecc0a, type: 3}
      propertyPath: m_LocalEulerAnglesHint.z
      value: 0
      objectReference: {fileID: 0}
    - target: {fileID: 2930835036515486009, guid: 8c33def479c70f94e94c485ef31ecc0a, type: 3}
      propertyPath: m_Name
      value: Implosion
      objectReference: {fileID: 0}
    - target: {fileID: 8714120172023677485, guid: 8c33def479c70f94e94c485ef31ecc0a, type: 3}
      propertyPath: m_Enabled
      value: 0
      objectReference: {fileID: 0}
    - target: {fileID: 8714120172023677485, guid: 8c33def479c70f94e94c485ef31ecc0a, type: 3}
      propertyPath: m_SortingLayerID
      value: 0
      objectReference: {fileID: 0}
    - target: {fileID: 8714120172023677485, guid: 8c33def479c70f94e94c485ef31ecc0a, type: 3}
      propertyPath: m_ApplyActiveColorSpace
      value: 0
      objectReference: {fileID: 0}
    m_RemovedComponents: []
  m_SourcePrefab: {fileID: 100100000, guid: 8c33def479c70f94e94c485ef31ecc0a, type: 3}
--- !u!198 &2585581176834387179 stripped
ParticleSystem:
  m_CorrespondingSourceObject: {fileID: 177394133595661808, guid: 8c33def479c70f94e94c485ef31ecc0a, type: 3}
  m_PrefabInstance: {fileID: 2420666553903302939}
  m_PrefabAsset: {fileID: 0}
--- !u!224 &4252067058530222808 stripped
RectTransform:
  m_CorrespondingSourceObject: {fileID: 1915594523078478787, guid: 8c33def479c70f94e94c485ef31ecc0a, type: 3}
  m_PrefabInstance: {fileID: 2420666553903302939}
  m_PrefabAsset: {fileID: 0}
--- !u!1001 &5120492083569330240
PrefabInstance:
  m_ObjectHideFlags: 0
  serializedVersion: 2
  m_Modification:
    m_TransformParent: {fileID: 1693003776148440837}
    m_Modifications:
    - target: {fileID: 1915594523078478787, guid: 6944e105e61226e4f9e2ef4926642f86, type: 3}
      propertyPath: m_Pivot.x
      value: 0.5
      objectReference: {fileID: 0}
    - target: {fileID: 1915594523078478787, guid: 6944e105e61226e4f9e2ef4926642f86, type: 3}
      propertyPath: m_Pivot.y
      value: 0.5
      objectReference: {fileID: 0}
    - target: {fileID: 1915594523078478787, guid: 6944e105e61226e4f9e2ef4926642f86, type: 3}
      propertyPath: m_RootOrder
      value: 1
      objectReference: {fileID: 0}
    - target: {fileID: 1915594523078478787, guid: 6944e105e61226e4f9e2ef4926642f86, type: 3}
      propertyPath: m_AnchorMax.x
      value: 1
      objectReference: {fileID: 0}
    - target: {fileID: 1915594523078478787, guid: 6944e105e61226e4f9e2ef4926642f86, type: 3}
      propertyPath: m_AnchorMax.y
      value: 1
      objectReference: {fileID: 0}
    - target: {fileID: 1915594523078478787, guid: 6944e105e61226e4f9e2ef4926642f86, type: 3}
      propertyPath: m_AnchorMin.x
      value: 0
      objectReference: {fileID: 0}
    - target: {fileID: 1915594523078478787, guid: 6944e105e61226e4f9e2ef4926642f86, type: 3}
      propertyPath: m_AnchorMin.y
      value: 0
      objectReference: {fileID: 0}
    - target: {fileID: 1915594523078478787, guid: 6944e105e61226e4f9e2ef4926642f86, type: 3}
      propertyPath: m_SizeDelta.x
      value: 0
      objectReference: {fileID: 0}
    - target: {fileID: 1915594523078478787, guid: 6944e105e61226e4f9e2ef4926642f86, type: 3}
      propertyPath: m_SizeDelta.y
      value: 0
      objectReference: {fileID: 0}
    - target: {fileID: 1915594523078478787, guid: 6944e105e61226e4f9e2ef4926642f86, type: 3}
      propertyPath: m_LocalPosition.x
      value: 0
      objectReference: {fileID: 0}
    - target: {fileID: 1915594523078478787, guid: 6944e105e61226e4f9e2ef4926642f86, type: 3}
      propertyPath: m_LocalPosition.y
      value: 0
      objectReference: {fileID: 0}
    - target: {fileID: 1915594523078478787, guid: 6944e105e61226e4f9e2ef4926642f86, type: 3}
      propertyPath: m_LocalPosition.z
      value: 0
      objectReference: {fileID: 0}
    - target: {fileID: 1915594523078478787, guid: 6944e105e61226e4f9e2ef4926642f86, type: 3}
      propertyPath: m_LocalRotation.w
      value: 1
      objectReference: {fileID: 0}
    - target: {fileID: 1915594523078478787, guid: 6944e105e61226e4f9e2ef4926642f86, type: 3}
      propertyPath: m_LocalRotation.x
      value: -0
      objectReference: {fileID: 0}
    - target: {fileID: 1915594523078478787, guid: 6944e105e61226e4f9e2ef4926642f86, type: 3}
      propertyPath: m_LocalRotation.y
      value: -0
      objectReference: {fileID: 0}
    - target: {fileID: 1915594523078478787, guid: 6944e105e61226e4f9e2ef4926642f86, type: 3}
      propertyPath: m_LocalRotation.z
      value: -0
      objectReference: {fileID: 0}
    - target: {fileID: 1915594523078478787, guid: 6944e105e61226e4f9e2ef4926642f86, type: 3}
      propertyPath: m_AnchoredPosition.x
      value: 0
      objectReference: {fileID: 0}
    - target: {fileID: 1915594523078478787, guid: 6944e105e61226e4f9e2ef4926642f86, type: 3}
      propertyPath: m_AnchoredPosition.y
      value: 0
      objectReference: {fileID: 0}
    - target: {fileID: 1915594523078478787, guid: 6944e105e61226e4f9e2ef4926642f86, type: 3}
      propertyPath: m_LocalEulerAnglesHint.x
      value: 0
      objectReference: {fileID: 0}
    - target: {fileID: 1915594523078478787, guid: 6944e105e61226e4f9e2ef4926642f86, type: 3}
      propertyPath: m_LocalEulerAnglesHint.y
      value: 0
      objectReference: {fileID: 0}
    - target: {fileID: 1915594523078478787, guid: 6944e105e61226e4f9e2ef4926642f86, type: 3}
      propertyPath: m_LocalEulerAnglesHint.z
      value: 0
      objectReference: {fileID: 0}
    - target: {fileID: 2930835036515486009, guid: 6944e105e61226e4f9e2ef4926642f86, type: 3}
      propertyPath: m_Name
      value: Blinding Twinkle
      objectReference: {fileID: 0}
    - target: {fileID: 8714120172023677485, guid: 6944e105e61226e4f9e2ef4926642f86, type: 3}
      propertyPath: m_Enabled
      value: 0
      objectReference: {fileID: 0}
    - target: {fileID: 8714120172023677485, guid: 6944e105e61226e4f9e2ef4926642f86, type: 3}
      propertyPath: m_SortingLayerID
      value: 0
      objectReference: {fileID: 0}
    - target: {fileID: 8714120172023677485, guid: 6944e105e61226e4f9e2ef4926642f86, type: 3}
      propertyPath: m_ApplyActiveColorSpace
      value: 0
      objectReference: {fileID: 0}
    m_RemovedComponents: []
  m_SourcePrefab: {fileID: 100100000, guid: 6944e105e61226e4f9e2ef4926642f86, type: 3}
--- !u!198 &5006207755232259504 stripped
ParticleSystem:
  m_CorrespondingSourceObject: {fileID: 177394133595661808, guid: 6944e105e61226e4f9e2ef4926642f86, type: 3}
  m_PrefabInstance: {fileID: 5120492083569330240}
  m_PrefabAsset: {fileID: 0}
--- !u!224 &6744751196765897603 stripped
RectTransform:
  m_CorrespondingSourceObject: {fileID: 1915594523078478787, guid: 6944e105e61226e4f9e2ef4926642f86, type: 3}
  m_PrefabInstance: {fileID: 5120492083569330240}
  m_PrefabAsset: {fileID: 0}
--- !u!1001 &6106906112800837451
PrefabInstance:
  m_ObjectHideFlags: 0
  serializedVersion: 2
  m_Modification:
    m_TransformParent: {fileID: 5584768280596275459}
    m_Modifications:
    - target: {fileID: 2081856774944816972, guid: 171ae0856067e4b459f0f435b901ffa2, type: 3}
      propertyPath: m_Enabled
      value: 0
      objectReference: {fileID: 0}
    - target: {fileID: 2081856774944816972, guid: 171ae0856067e4b459f0f435b901ffa2, type: 3}
      propertyPath: m_SortingLayerID
      value: 0
      objectReference: {fileID: 0}
    - target: {fileID: 2081856774944816972, guid: 171ae0856067e4b459f0f435b901ffa2, type: 3}
      propertyPath: m_ApplyActiveColorSpace
      value: 0
      objectReference: {fileID: 0}
    - target: {fileID: 2081856774944816972, guid: 171ae0856067e4b459f0f435b901ffa2, type: 3}
      propertyPath: m_Materials.Array.data[0]
      value: 
      objectReference: {fileID: 2100000, guid: 92c914da463658547840015c4c807b2f, type: 2}
    - target: {fileID: 2081856774944816972, guid: 171ae0856067e4b459f0f435b901ffa2, type: 3}
      propertyPath: m_Materials.Array.data[1]
      value: 
      objectReference: {fileID: 2100000, guid: e44a36783dcfc43bdab399a1adcef4f5, type: 2}
    - target: {fileID: 2560623983668483449, guid: 171ae0856067e4b459f0f435b901ffa2, type: 3}
      propertyPath: m_Pivot.x
      value: 0.5
      objectReference: {fileID: 0}
    - target: {fileID: 2560623983668483449, guid: 171ae0856067e4b459f0f435b901ffa2, type: 3}
      propertyPath: m_Pivot.y
      value: 0.5
      objectReference: {fileID: 0}
    - target: {fileID: 2560623983668483449, guid: 171ae0856067e4b459f0f435b901ffa2, type: 3}
      propertyPath: m_RootOrder
      value: 0
      objectReference: {fileID: 0}
    - target: {fileID: 2560623983668483449, guid: 171ae0856067e4b459f0f435b901ffa2, type: 3}
      propertyPath: m_AnchorMax.x
      value: 1
      objectReference: {fileID: 0}
    - target: {fileID: 2560623983668483449, guid: 171ae0856067e4b459f0f435b901ffa2, type: 3}
      propertyPath: m_AnchorMax.y
      value: 1
      objectReference: {fileID: 0}
    - target: {fileID: 2560623983668483449, guid: 171ae0856067e4b459f0f435b901ffa2, type: 3}
      propertyPath: m_AnchorMin.x
      value: 0
      objectReference: {fileID: 0}
    - target: {fileID: 2560623983668483449, guid: 171ae0856067e4b459f0f435b901ffa2, type: 3}
      propertyPath: m_AnchorMin.y
      value: 0
      objectReference: {fileID: 0}
    - target: {fileID: 2560623983668483449, guid: 171ae0856067e4b459f0f435b901ffa2, type: 3}
      propertyPath: m_SizeDelta.x
      value: 0
      objectReference: {fileID: 0}
    - target: {fileID: 2560623983668483449, guid: 171ae0856067e4b459f0f435b901ffa2, type: 3}
      propertyPath: m_SizeDelta.y
      value: 0
      objectReference: {fileID: 0}
    - target: {fileID: 2560623983668483449, guid: 171ae0856067e4b459f0f435b901ffa2, type: 3}
      propertyPath: m_LocalPosition.x
      value: 0
      objectReference: {fileID: 0}
    - target: {fileID: 2560623983668483449, guid: 171ae0856067e4b459f0f435b901ffa2, type: 3}
      propertyPath: m_LocalPosition.y
      value: 0
      objectReference: {fileID: 0}
    - target: {fileID: 2560623983668483449, guid: 171ae0856067e4b459f0f435b901ffa2, type: 3}
      propertyPath: m_LocalPosition.z
      value: 0
      objectReference: {fileID: 0}
    - target: {fileID: 2560623983668483449, guid: 171ae0856067e4b459f0f435b901ffa2, type: 3}
      propertyPath: m_LocalRotation.w
      value: 1
      objectReference: {fileID: 0}
    - target: {fileID: 2560623983668483449, guid: 171ae0856067e4b459f0f435b901ffa2, type: 3}
      propertyPath: m_LocalRotation.x
      value: 0
      objectReference: {fileID: 0}
    - target: {fileID: 2560623983668483449, guid: 171ae0856067e4b459f0f435b901ffa2, type: 3}
      propertyPath: m_LocalRotation.y
      value: 0
      objectReference: {fileID: 0}
    - target: {fileID: 2560623983668483449, guid: 171ae0856067e4b459f0f435b901ffa2, type: 3}
      propertyPath: m_LocalRotation.z
      value: 0
      objectReference: {fileID: 0}
    - target: {fileID: 2560623983668483449, guid: 171ae0856067e4b459f0f435b901ffa2, type: 3}
      propertyPath: m_AnchoredPosition.x
      value: 0
      objectReference: {fileID: 0}
    - target: {fileID: 2560623983668483449, guid: 171ae0856067e4b459f0f435b901ffa2, type: 3}
      propertyPath: m_AnchoredPosition.y
      value: 0
      objectReference: {fileID: 0}
    - target: {fileID: 2560623983668483449, guid: 171ae0856067e4b459f0f435b901ffa2, type: 3}
      propertyPath: m_LocalEulerAnglesHint.x
      value: 0
      objectReference: {fileID: 0}
    - target: {fileID: 2560623983668483449, guid: 171ae0856067e4b459f0f435b901ffa2, type: 3}
      propertyPath: m_LocalEulerAnglesHint.y
      value: 0
      objectReference: {fileID: 0}
    - target: {fileID: 2560623983668483449, guid: 171ae0856067e4b459f0f435b901ffa2, type: 3}
      propertyPath: m_LocalEulerAnglesHint.z
      value: 0
      objectReference: {fileID: 0}
    - target: {fileID: 6366259314637179059, guid: 171ae0856067e4b459f0f435b901ffa2, type: 3}
      propertyPath: m_Name
      value: Falling Stars
      objectReference: {fileID: 0}
    m_RemovedComponents: []
  m_SourcePrefab: {fileID: 100100000, guid: 171ae0856067e4b459f0f435b901ffa2, type: 3}
--- !u!198 &150304953417569149 stripped
ParticleSystem:
  m_CorrespondingSourceObject: {fileID: 6257165985968053302, guid: 171ae0856067e4b459f0f435b901ffa2, type: 3}
  m_PrefabInstance: {fileID: 6106906112800837451}
  m_PrefabAsset: {fileID: 0}
--- !u!224 &8595470851011254834 stripped
RectTransform:
  m_CorrespondingSourceObject: {fileID: 2560623983668483449, guid: 171ae0856067e4b459f0f435b901ffa2, type: 3}
  m_PrefabInstance: {fileID: 6106906112800837451}
  m_PrefabAsset: {fileID: 0}
--- !u!1001 &6528306246051583826
PrefabInstance:
  m_ObjectHideFlags: 0
  serializedVersion: 2
  m_Modification:
    m_TransformParent: {fileID: 4985603552166135137}
    m_Modifications:
    - target: {fileID: 1915594523078478787, guid: c9b89e8f760956d45b9a0770dbf3a538, type: 3}
      propertyPath: m_Pivot.x
      value: 0.5
      objectReference: {fileID: 0}
    - target: {fileID: 1915594523078478787, guid: c9b89e8f760956d45b9a0770dbf3a538, type: 3}
      propertyPath: m_Pivot.y
      value: 0.5
      objectReference: {fileID: 0}
    - target: {fileID: 1915594523078478787, guid: c9b89e8f760956d45b9a0770dbf3a538, type: 3}
      propertyPath: m_RootOrder
      value: 1
      objectReference: {fileID: 0}
    - target: {fileID: 1915594523078478787, guid: c9b89e8f760956d45b9a0770dbf3a538, type: 3}
      propertyPath: m_AnchorMax.x
      value: 1
      objectReference: {fileID: 0}
    - target: {fileID: 1915594523078478787, guid: c9b89e8f760956d45b9a0770dbf3a538, type: 3}
      propertyPath: m_AnchorMax.y
      value: 1
      objectReference: {fileID: 0}
    - target: {fileID: 1915594523078478787, guid: c9b89e8f760956d45b9a0770dbf3a538, type: 3}
      propertyPath: m_AnchorMin.x
      value: 0
      objectReference: {fileID: 0}
    - target: {fileID: 1915594523078478787, guid: c9b89e8f760956d45b9a0770dbf3a538, type: 3}
      propertyPath: m_AnchorMin.y
      value: 0
      objectReference: {fileID: 0}
    - target: {fileID: 1915594523078478787, guid: c9b89e8f760956d45b9a0770dbf3a538, type: 3}
      propertyPath: m_SizeDelta.x
      value: 0
      objectReference: {fileID: 0}
    - target: {fileID: 1915594523078478787, guid: c9b89e8f760956d45b9a0770dbf3a538, type: 3}
      propertyPath: m_SizeDelta.y
      value: 0
      objectReference: {fileID: 0}
    - target: {fileID: 1915594523078478787, guid: c9b89e8f760956d45b9a0770dbf3a538, type: 3}
      propertyPath: m_LocalPosition.x
      value: 0
      objectReference: {fileID: 0}
    - target: {fileID: 1915594523078478787, guid: c9b89e8f760956d45b9a0770dbf3a538, type: 3}
      propertyPath: m_LocalPosition.y
      value: 0
      objectReference: {fileID: 0}
    - target: {fileID: 1915594523078478787, guid: c9b89e8f760956d45b9a0770dbf3a538, type: 3}
      propertyPath: m_LocalPosition.z
      value: 0
      objectReference: {fileID: 0}
    - target: {fileID: 1915594523078478787, guid: c9b89e8f760956d45b9a0770dbf3a538, type: 3}
      propertyPath: m_LocalRotation.w
      value: 1
      objectReference: {fileID: 0}
    - target: {fileID: 1915594523078478787, guid: c9b89e8f760956d45b9a0770dbf3a538, type: 3}
      propertyPath: m_LocalRotation.x
      value: 0
      objectReference: {fileID: 0}
    - target: {fileID: 1915594523078478787, guid: c9b89e8f760956d45b9a0770dbf3a538, type: 3}
      propertyPath: m_LocalRotation.y
      value: 0
      objectReference: {fileID: 0}
    - target: {fileID: 1915594523078478787, guid: c9b89e8f760956d45b9a0770dbf3a538, type: 3}
      propertyPath: m_LocalRotation.z
      value: 0
      objectReference: {fileID: 0}
    - target: {fileID: 1915594523078478787, guid: c9b89e8f760956d45b9a0770dbf3a538, type: 3}
      propertyPath: m_AnchoredPosition.x
      value: 0
      objectReference: {fileID: 0}
    - target: {fileID: 1915594523078478787, guid: c9b89e8f760956d45b9a0770dbf3a538, type: 3}
      propertyPath: m_AnchoredPosition.y
      value: 0
      objectReference: {fileID: 0}
    - target: {fileID: 1915594523078478787, guid: c9b89e8f760956d45b9a0770dbf3a538, type: 3}
      propertyPath: m_LocalEulerAnglesHint.x
      value: 0
      objectReference: {fileID: 0}
    - target: {fileID: 1915594523078478787, guid: c9b89e8f760956d45b9a0770dbf3a538, type: 3}
      propertyPath: m_LocalEulerAnglesHint.y
      value: 0
      objectReference: {fileID: 0}
    - target: {fileID: 1915594523078478787, guid: c9b89e8f760956d45b9a0770dbf3a538, type: 3}
      propertyPath: m_LocalEulerAnglesHint.z
      value: 0
      objectReference: {fileID: 0}
    - target: {fileID: 2930835036515486009, guid: c9b89e8f760956d45b9a0770dbf3a538, type: 3}
      propertyPath: m_Name
      value: Shimmer
      objectReference: {fileID: 0}
    - target: {fileID: 8714120172023677485, guid: c9b89e8f760956d45b9a0770dbf3a538, type: 3}
      propertyPath: m_Enabled
      value: 0
      objectReference: {fileID: 0}
    - target: {fileID: 8714120172023677485, guid: c9b89e8f760956d45b9a0770dbf3a538, type: 3}
      propertyPath: m_SortingLayerID
      value: 0
      objectReference: {fileID: 0}
    - target: {fileID: 8714120172023677485, guid: c9b89e8f760956d45b9a0770dbf3a538, type: 3}
      propertyPath: m_ApplyActiveColorSpace
      value: 0
      objectReference: {fileID: 0}
    - target: {fileID: 8714120172023677485, guid: c9b89e8f760956d45b9a0770dbf3a538, type: 3}
      propertyPath: m_Materials.Array.data[0]
      value: 
      objectReference: {fileID: 2100000, guid: e44a36783dcfc43bdab399a1adcef4f5, type: 2}
    m_RemovedComponents: []
  m_SourcePrefab: {fileID: 100100000, guid: c9b89e8f760956d45b9a0770dbf3a538, type: 3}
--- !u!224 &4615271392518642833 stripped
RectTransform:
  m_CorrespondingSourceObject: {fileID: 1915594523078478787, guid: c9b89e8f760956d45b9a0770dbf3a538, type: 3}
  m_PrefabInstance: {fileID: 6528306246051583826}
  m_PrefabAsset: {fileID: 0}
--- !u!198 &6408350653649482402 stripped
ParticleSystem:
  m_CorrespondingSourceObject: {fileID: 177394133595661808, guid: c9b89e8f760956d45b9a0770dbf3a538, type: 3}
  m_PrefabInstance: {fileID: 6528306246051583826}
  m_PrefabAsset: {fileID: 0}
